Wranglers vs Griffins
Created - November 30, 2025 at 22:19
Goals
|
| Wranglers |
0 |
0 |
3 |
3 |
| Griffins |
1 |
0 |
1 |
2 |
|
Shots
|
| Wranglers |
8 |
9 |
7 |
24 |
| Griffins |
9 |
9 |
14 |
32 |
|
1st period
1. Griffins , Anton Blidh 9 (Morgan Frost 9, Jack Studnicka 5) at 17:12
Penalties :
Jesper Bratt (Cal) for Slashing (Minor) at 7:37
2nd period
No Goal
Penalties :
Will Cuylle (Gra) for Tripping (Minor) at 17:25
3rd period
2. Wranglers , Jesper Bratt 6 (Nico Sturm 12) at 6:19 (PP)
3. Wranglers , Nico Sturm 9 (Jesper Bratt 8, Erik Brannstrom 10) at 6:29
4. Wranglers , Tanner Jeannot 2 (Vitali Kravtsov 2, Marco Rossi 3) at 10:28
5. Griffins , Samuel Poulin 2 (Viktor Lodin 2) at 15:31
Penalties :
Michael Bunting (Gra) for Roughing (Minor) at 6:09, Jesper Bratt (Cal) for Cross-checking (Minor) at 6:58, Taylor Raddysh (Cal) for Roughing (Minor) at 16:03, Viktor Lodin (Gra) for Checking from behind (Major) at 18:58
Goalie Stats
Vitek Vanecek (Cal), 30 saves from 32 shots - (0.938), W, 3-7-0, 60:00 minutes
Adam Werner (Gra), 21 saves from 24 shots - (0.875), L, 6-3-0, 60:00 minutes
Players Stats for Wranglers
Player Name G A P +/- PIM S H SB GA TA FO MP PP MP PK MP
------------------------------------------------------------------------------------
Barclay Goodrow 0 0 0 0 0 3 1 2 1 0 3/6 24:44 1:51 3:23
Chase Bradley 0 0 0 0 0 0 0 0 0 0 0/0 0:38 0:00 0:38
Christian Jaros 0 0 0 1 0 0 1 0 0 0 0/0 17:20 1:17 2:07
Darren Raddysh 0 0 0 -1 0 0 0 1 0 1 0/0 12:03 0:00 0:00
Dominik Masin 0 0 0 0 0 1 2 3 0 1 0/0 24:26 1:53 3:50
Erik Brannstrom 0 1 1 0 0 2 3 2 1 0 0/0 24:26 1:53 3:50
Ivan Chekhovich 0 0 0 0 0 0 0 0 0 0 0/0 1:30 0:00 0:00
Jesper Bratt 1 1 2 0 4 4 1 0 0 1 0/2 18:01 1:51 0:43
Kaapo Kakko 0 0 0 0 0 1 1 0 0 0 2/2 13:27 0:00 0:00
Marco Rossi 0 1 1 0 0 0 0 0 1 1 1/1 6:07 0:00 0:42
Nico Sturm 1 1 2 0 0 3 0 1 1 1 15/33 20:42 1:51 3:24
Petteri Lindbohm 0 0 0 -1 0 0 1 0 1 0 0/0 12:03 0:00 0:00
Phillip Danault 0 0 0 0 0 2 2 0 0 0 0/0 19:33 1:19 1:48
Radim Zohorna 0 0 0 0 0 0 0 0 0 0 0/0 0:15 0:00 0:00
Ryan Donato 0 0 0 0 0 1 6 0 0 0 4/7 17:38 1:19 0:00
Skyler Brind'Amour 0 0 0 0 0 0 0 0 0 0 1/1 1:31 0:00 1:16
Tanner Jeannot 1 0 1 0 0 4 2 0 0 2 0/1 13:27 0:00 0:00
Taylor Raddysh 0 0 0 0 2 2 2 1 0 0 1/1 17:42 1:19 0:00
Trevor Carrick 0 0 0 1 0 0 0 2 0 0 0/0 17:20 1:17 2:07
Vitali Kravtsov 0 1 1 0 0 0 0 1 0 1 0/0 5:18 0:00 0:00
Vladislav Kamenev 0 0 0 0 0 1 3 1 1 0 1/6 13:27 0:00 0:00
William Villeneuve 0 0 0 0 0 0 0 0 0 0 0/0 0:00 0:00 0:00
Yan Kuznetsov 0 0 0 0 0 0 0 0 0 0 0/0 0:00 0:00 0:00
Yegor Zaitsev 0 0 0 0 0 0 0 0 0 0 0/0 6:11 0:00 0:00
Zac Jones 0 0 0 0 0 0 0 0 0 1 0/0 6:11 0:00 0:00
Players Stats for Griffins
Player Name G A P +/- PIM S H SB GA TA FO MP PP MP PK MP
------------------------------------------------------------------------------------
0 0 0 0 0 0 0 0 0 0 0/0 0:00 0:00 0:00
0 0 0 0 0 0 0 0 0 0 0/0 0:00 0:00 0:00
0 0 0 0 0 0 0 0 0 0 0/0 0:00 0:00 0:00
0 0 0 0 0 0 0 0 0 0 0/0 0:00 0:00 0:00
0 0 0 0 0 0 0 0 0 0 0/0 0:00 0:00 0:00
Alex Laferriere 0 0 0 0 0 3 1 1 1 0 0/0 10:21 0:00 0:00
Anton Blidh 1 0 1 0 0 5 1 0 0 1 0/0 21:52 2:54 1:47
Anton Lundell 0 0 0 0 0 1 0 0 0 0 1/2 10:47 0:01 0:15
Braden Schneider 0 0 0 1 0 0 0 0 0 0 0/0 5:47 0:00 0:10
Brycen Martin 0 0 0 1 0 0 0 0 0 0 0/0 5:49 0:00 0:00
Grigori Denisenko 0 0 0 -1 0 2 1 1 0 0 0/2 18:09 2:48 0:00
Ian McCoshen 0 0 0 0 0 3 2 0 0 0 0/0 19:25 2:17 1:18
Jack Studnicka 0 1 1 0 0 0 4 0 1 1 0/1 19:48 2:48 0:00
Joonas Lyytinen 0 0 0 -1 0 0 2 2 0 0 0/0 19:48 0:00 1:52
Kale Clague 0 0 0 -1 0 0 3 2 1 2 0/0 23:16 3:40 0:00
Michael Bunting 0 0 0 0 2 0 0 0 0 0 0/0 11:21 0:16 0:31
Morgan Frost 0 1 1 0 0 2 2 1 1 1 9/17 20:15 2:48 0:27
Pavel Kraskovsky 0 0 0 -1 0 6 1 0 3 0 21/35 20:43 3:08 1:57
Philip Broberg 0 0 0 0 0 0 0 0 0 0 0/0 11:05 0:00 1:18
Samuel Poulin 1 0 1 1 0 2 0 0 0 0 0/0 7:44 0:00 0:00
Sebastian Ahaut 0 0 0 0 0 3 0 1 0 0 0/0 22:14 3:40 1:42
Simon Benoit 0 0 0 0 0 1 0 0 0 1 0/0 12:36 2:17 0:00
Viktor Lodin 0 1 1 1 5 2 0 0 1 0 1/2 8:36 0:00 0:41
Will Cuylle 0 0 0 1 2 0 0 0 0 0 0/0 8:01 0:00 0:15
Yegor Sharangovich 0 0 0 -1 0 2 0 0 1 0 0/1 19:10 3:08 0:27
3 Stars
1 - Nico Sturm (Cal)
2 - Tanner Jeannot (Cal)
3 - Vitek Vanecek (Cal)
Power Play
Wranglers - 1 on 3 Attempt(s) - 33.33%
Griffins - 0 on 3 Attempt(s) - 0.00%
Penalty Kill
Wranglers - 3 on 3 Attempt(s) - 100.00%
- Score 0 goal in Penalty Kill
Griffins - 2 on 3 Attempt(s) - 66.67%
- Score 0 goal in Penalty Kill
Team Stat
Wranglers - Hits : 25 - Faceoff Wins : 28 - Blocked Shots : 14 - Penalty Minutes : 6
Griffins - Hits : 17 - Faceoff Wins : 32 - Blocked Shots : 8 - Penalty Minutes : 9
Official
Referees : Garrett Rank and Kyle Rehman
Linesman : Mark Shewchyk and Steve Miller
Game Notes
No Game Note
Finance
Level 1 -- Attendance: 1833 (91.65%) -- Ticket Income $128,310
Level 2 -- Attendance: 898 (89.80%) -- Ticket Income $35,920
Total Attendance: 2731 (91.03%)
Total Ticket Income: $164,230
Other Income: $8,212
Total Income: $172,442
Wranglers
5 vs 5 Forward
Center Left Wing Right Wing Time % Phy DF OF
1 Nico Sturm Jesper Bratt Barclay Goodrow 40 1 2 2
2 Ryan Donato Phillip Danault Taylor Raddysh 30 1 2 2
3 Vladislav Kamenev Tanner Jeannot Kaapo Kakko 20 1 2 2
4 Marco Rossi Vitali Kravtsov Barclay Goodrow 10 1 2 2
5 vs 5 Defense
Defense Defense Time % Phy DF OF
1 Erik Brannstrom Dominik Masin 40 1 2 2
2 Christian Jaros Trevor Carrick 30 1 2 2
3 Petteri Lindbohm Darren Raddysh 20 1 2 2
4 Zac Jones Yegor Zaitsev 10 1 2 2
PowerPlay Forward
Center Left Wing Right Wing Time % Phy DF OF
1 Nico Sturm Jesper Bratt Barclay Goodrow 60 1 2 2
2 Ryan Donato Phillip Danault Taylor Raddysh 40 1 2 2
PowerPlay Defense
Defense Defense Time % Phy DF OF
1 Erik Brannstrom Dominik Masin 60 1 2 2
2 Christian Jaros Trevor Carrick 40 1 2 2
Penalty Kill 4 Players Forward
Center Wing Time % Phy DF OF
1 Barclay Goodrow Nico Sturm 60 1 2 2
2 Jesper Bratt Phillip Danault 40 1 2 2
Penalty Kill 4 Players Defense
Defense Defense Time % Phy DF OF
1 Erik Brannstrom Dominik Masin 60 1 2 2
2 Christian Jaros Trevor Carrick 40 1 2 2
Penalty Kill - 3 Players Forward
Forward Time % Phy DF OF
1 Barclay Goodrow 60 1 2 2
2 Nico Sturm 40 1 2 2
Penalty Kill - 3 Players Defense
Defense Defense Time % Phy DF OF
1 Erik Brannstrom Dominik Masin 60 1 2 2
2 Christian Jaros Trevor Carrick 40 1 2 2
4 vs 4 Forward
Center Wing Time % Phy DF OF
1 Barclay Goodrow Nico Sturm 60 1 2 2
2 Jesper Bratt Phillip Danault 40 1 2 2
4 vs 4 Defense
Defense Defense Time % Phy DF OF
1 Erik Brannstrom Dominik Masin 60 1 2 2
2 Christian Jaros Trevor Carrick 40 1 2 2
Last Minutes Offensive
Center Left Wing Right Wing Defense Defense
Nico Sturm Jesper Bratt Barclay Goodrow Erik Brannstrom Dominik Masin
Last Minutes Defensive
Center Left Wing Right Wing Defense Defense
Nico Sturm Jesper Bratt Barclay Goodrow Erik Brannstrom Dominik Masin
Goaltenders
Starting : Vitek Vanecek
Backup : Collin Delia
Extra Forwards
Normal : Ivan Chekhovich, Radim Zohorna, Skyler Brind'Amour - PP : Ivan Chekhovich, Radim Zohorna - PK : Skyler Brind'Amour
Extra Defensemen
Normal : Yan Kuznetsov, William Villeneuve, Petteri Lindbohm - PP : Yan Kuznetsov - PK : William Villeneuve, Petteri Lindbohm
Penalty Shots
Barclay Goodrow, Nico Sturm, Jesper Bratt, Phillip Danault, Tanner Jeannot
Custom OT Lines Forwards
Barclay Goodrow, Nico Sturm, Jesper Bratt, Phillip Danault, Tanner Jeannot, Taylor Raddysh, Ryan Donato, Vitali Kravtsov, Vladislav Kamenev, Marco Rossi
Custom OT Lines Defensemen
Erik Brannstrom, Dominik Masin, Christian Jaros, Trevor Carrick, Petteri Lindbohm
Scratches
Brandon Hickey (Bruised Right Shoulder Injury), Lucas Feuk (Healthy), Cole Schwindt (Healthy), Nico Daws (Healthy), Joel Hofer (Healthy)
Griffins
5 vs 5 Forward
Center Left Wing Right Wing Time % Phy DF OF
1 Pavel Kraskovsky Grigori Denisenko Yegor Sharangovich 35 1 2 2
2 Morgan Frost Anton Blidh Jack Studnicka 35 1 2 2
3 Anton Lundell Michael Bunting Alex Laferriere 20 1 2 2
4 Viktor Lodin Will Cuylle Samuel Poulin 10 1 2 2
5 vs 5 Defense
Defense Defense Time % Phy DF OF
1 Joonas Lyytinen Kale Clague 40 1 2 2
2 Sebastian Ahaut Ian McCoshen 30 1 2 2
3 Simon Benoit Philip Broberg 20 1 2 2
4 Braden Schneider Brycen Martin 10 1 2 2
PowerPlay Forward
Center Left Wing Right Wing Time % Phy DF OF
1 Pavel Kraskovsky Anton Blidh Yegor Sharangovich 60 1 2 2
2 Morgan Frost Grigori Denisenko Jack Studnicka 40 1 2 2
PowerPlay Defense
Defense Defense Time % Phy DF OF
1 Kale Clague Sebastian Ahaut 60 1 2 2
2 Simon Benoit Ian McCoshen 40 1 2 2
Penalty Kill 4 Players Forward
Center Wing Time % Phy DF OF
1 Pavel Kraskovsky Anton Blidh 60 1 2 2
2 Yegor Sharangovich Morgan Frost 40 1 2 2
Penalty Kill 4 Players Defense
Defense Defense Time % Phy DF OF
1 Joonas Lyytinen Sebastian Ahaut 60 1 2 2
2 Ian McCoshen Philip Broberg 40 1 2 2
Penalty Kill - 3 Players Forward
Forward Time % Phy DF OF
1 Pavel Kraskovsky 60 1 2 2
2 Anton Blidh 40 1 2 2
Penalty Kill - 3 Players Defense
Defense Defense Time % Phy DF OF
1 Joonas Lyytinen Sebastian Ahaut 60 1 2 2
2 Kale Clague Ian McCoshen 40 1 2 2
4 vs 4 Forward
Center Wing Time % Phy DF OF
1 Pavel Kraskovsky Anton Blidh 60 1 2 2
2 Yegor Sharangovich Morgan Frost 40 1 2 2
4 vs 4 Defense
Defense Defense Time % Phy DF OF
1 Ian McCoshen Sebastian Ahaut 60 1 2 2
2 Simon Benoit Kale Clague 40 1 2 2
Last Minutes Offensive
Center Left Wing Right Wing Defense Defense
Pavel Kraskovsky Anton Blidh Yegor Sharangovich Ian McCoshen Kale Clague
Last Minutes Defensive
Center Left Wing Right Wing Defense Defense
Pavel Kraskovsky Anton Blidh Yegor Sharangovich Joonas Lyytinen Ian McCoshen
Goaltenders
Starting : Adam Werner
Backup : Philippe Desrosiers
Extra Forwards
Normal : Michael Bunting, Anton Lundell, Viktor Lodin - PP : Michael Bunting, Anton Lundell - PK : Viktor Lodin
Extra Defensemen
Normal : Brycen Martin, Braden Schneider, Simon Benoit - PP : Brycen Martin - PK : Braden Schneider, Simon Benoit
Penalty Shots
Pavel Kraskovsky, Anton Blidh, Yegor Sharangovich, Morgan Frost, Grigori Denisenko
Custom OT Lines Forwards
Pavel Kraskovsky, Anton Blidh, Yegor Sharangovich, Morgan Frost, Grigori Denisenko, Michael Bunting, Jack Studnicka, Anton Lundell, Viktor Lodin, Samuel Poulin
Custom OT Lines Defensemen
Ian McCoshen, Kale Clague, Joonas Lyytinen, Sebastian Ahaut, Philip Broberg
Scratches
Riley Duran (Healthy), Scott Reedy (Healthy), Jack Ramsey (Healthy), Maxim Mamin (Healthy), Conor Timmins (Healthy)
Oskar Steen (Healthy), Nick Swaney (Healthy), Dominik Bokk (Healthy), Vladislav Kolyachonok (Healthy), Ivan Prosvetov (Healthy)
% Time on Ice - Wranglers
Lines # - Real PCT - Wanted PCT - Time Play
Normal Forward
1 - 30% - 40% - 15:18
2 - 33% - 30% - 16:41
3 - 27% - 20% - 13:27
4 - 10% - 10% - 5:18
Normal Defense
1 - 37% - 40% - 18:43
2 - 27% - 30% - 13:47
3 - 24% - 20% - 12:03
4 - 12% - 10% - 6:11
PP Forward
1 - 58% - 60% - 1:51
2 - 42% - 40% - 1:19
PP Defense
1 - 59% - 60% - 1:53
2 - 41% - 40% - 1:17
PK Forward
1 - 70% - 60% - 4:09
2 - 30% - 40% - 1:48
PK Defense
1 - 64% - 60% - 3:50
2 - 36% - 40% - 2:07
PK3 Forward
1 - 0% - 60%
2 - 0% - 40%
PK3 Defense
1 - 0% - 60%
2 - 0% - 40%
44 Forward
1 - 0% - 60%
2 - 0% - 40%
44 Defense
1 - 0% - 60%
2 - 0% - 40%
Last Minute Offensive - 0:00
Last Minute Defensive - 0:09
Total
Forward - 60:00
Defense - 60:00
|
% Time on Ice - Griffins
Lines # - Real PCT - Wanted PCT - Time Play
Normal Forward
1 - 31% - 35% - 15:29
2 - 34% - 35% - 17:07
3 - 20% - 20% - 10:21
4 - 15% - 10% - 7:44
Normal Defense
1 - 39% - 40% - 19:39
2 - 31% - 30% - 15:38
3 - 19% - 20% - 9:47
4 - 11% - 10% - 5:37
PP Forward
1 - 53% - 60% - 3:09
2 - 47% - 40% - 2:48
PP Defense
1 - 62% - 60% - 3:40
2 - 38% - 40% - 2:17
PK Forward
1 - 86% - 60% - 2:43
2 - 14% - 40% - 0:27
PK Defense
1 - 59% - 60% - 1:52
2 - 41% - 40% - 1:18
PK3 Forward
1 - 0% - 60%
2 - 0% - 40%
PK3 Defense
1 - 0% - 60%
2 - 0% - 40%
44 Forward
1 - 0% - 60%
2 - 0% - 40%
44 Defense
1 - 0% - 60%
2 - 0% - 40%
Last Minute Offensive - 0:12
Last Minute Defensive - 0:00
Total
Forward - 60:00
Defense - 60:00
|
Play-by-Play
1st period
0:01 of 1st period - Nico Sturm wins face-off versus Pavel Kraskovsky in neutral zone.
0:04 of 1st period - Snap shot by Erik Brannstrom.
0:04 of 1st period - Deflect By Barclay Goodrow.
0:04 of 1st period - Stopped by Adam Werner with a rebound.
0:06 of 1st period - Wrist shot by Nico Sturm.
0:06 of 1st period - Shot Misses the Net.
0:10 of 1st period - Snap shot by Jesper Bratt.
0:10 of 1st period - Shot Misses the Net.
0:48 of 1st period - Christian Jaros is hit by Alex Laferriere and loses puck.
1:07 of 1st period - Slapshot by Ian McCoshen.
1:07 of 1st period - Shot Blocked by Trevor Carrick.
1:13 of 1st period - Snap shot by Viktor Lodin.
1:13 of 1st period - Stopped by Vitek Vanecek with a rebound.
1:15 of 1st period - Slapshot by Ian McCoshen.
1:15 of 1st period - Shot Misses the Net.
1:17 of 1st period - Slapshot by Ian McCoshen.
1:17 of 1st period - Stopped by Vitek Vanecek with a rebound.
2:51 of 1st period - Snap shot by Morgan Frost.
2:51 of 1st period - Shot Misses the Net.
2:53 of 1st period - Wrist shot by Jack Studnicka.
2:53 of 1st period - Deflect By Anton Blidh.
2:53 of 1st period - Shot Misses the Net.
2:53 of 1st period - Puck is out of play.
2:54 of 1st period - Morgan Frost wins face-off versus Nico Sturm in Wranglers zone.
3:07 of 1st period - Slapshot by Anton Blidh.
3:07 of 1st period - Shot Blocked by Barclay Goodrow.
3:17 of 1st period - Pavel Kraskovsky is hit by Ryan Donato and loses puck.
4:16 of 1st period - Icing by Vitali Kravtsov.
4:17 of 1st period - Kaapo Kakko wins face-off versus Morgan Frost in Wranglers zone.
4:22 of 1st period - Brycen Martin is hit by Vladislav Kamenev and loses puck.
4:47 of 1st period - Snap shot by Ryan Donato.
4:47 of 1st period - Stopped by Adam Werner without a rebound.
4:48 of 1st period - Nico Sturm wins face-off versus Grigori Denisenko in Griffins zone.
4:49 of 1st period - Wrist shot by Jesper Bratt.
4:49 of 1st period - Stopped by Adam Werner without a rebound.
4:50 of 1st period - Pavel Kraskovsky wins face-off versus Nico Sturm in Griffins zone.
4:59 of 1st period - Kale Clague is hit by Dominik Masin and loses puck.
6:27 of 1st period - Phillip Danault is hit by Ian McCoshen and loses puck.
6:32 of 1st period - Wrist shot by Viktor Lodin.
6:32 of 1st period - Stopped by Vitek Vanecek without a rebound.
6:33 of 1st period - Morgan Frost wins face-off versus Nico Sturm in Wranglers zone.
7:00 of 1st period - Pavel Kraskovsky is hit by Taylor Raddysh and loses puck.
7:23 of 1st period - Snap shot by Tanner Jeannot.
7:23 of 1st period - Stopped by Adam Werner without a rebound.
7:24 of 1st period - Morgan Frost wins face-off versus Tanner Jeannot in Griffins zone.
7:24 of 1st period - Morgan Frost is hit by Vladislav Kamenev.
7:34 of 1st period - Snap shot by Morgan Frost.
7:34 of 1st period - Stopped by Vitek Vanecek without a rebound.
7:35 of 1st period - Nico Sturm wins face-off versus Pavel Kraskovsky in Wranglers zone.
7:37 of 1st period - Minor Penalty to Jesper Bratt for Slashing.
7:38 of 1st period - Barclay Goodrow wins face-off versus Pavel Kraskovsky in Wranglers zone.
7:46 of 1st period - Snap shot by Pavel Kraskovsky.
7:46 of 1st period - Shot Blocked by Dominik Masin.
7:48 of 1st period - Snap shot by Pavel Kraskovsky.
7:48 of 1st period - Deflect By Anton Blidh.
7:48 of 1st period - Stopped by Vitek Vanecek without a rebound.
7:49 of 1st period - Pavel Kraskovsky wins face-off versus Barclay Goodrow in Wranglers zone.
8:20 of 1st period - Phillip Danault is hit by Grigori Denisenko and loses puck.
9:37 of 1st period - Penalty to Jesper Bratt is over, Jesper Bratt is back on ice.
10:07 of 1st period - Michael Bunting is hit by Petteri Lindbohm and loses puck.
12:23 of 1st period - Slapshot by Michael Bunting.
12:23 of 1st period - Deflect By Alex Laferriere.
12:23 of 1st period - Stopped by Vitek Vanecek without a rebound.
12:24 of 1st period - Pavel Kraskovsky wins face-off versus Nico Sturm in Wranglers zone.
12:50 of 1st period - Dominik Masin is hit by Anton Blidh and loses puck.
13:43 of 1st period - Snap shot by Phillip Danault.
13:43 of 1st period - Stopped by Adam Werner without a rebound.
13:44 of 1st period - Ryan Donato wins face-off versus Viktor Lodin in Griffins zone.
13:49 of 1st period - Slapshot by Ryan Donato.
13:49 of 1st period - Shot Hit the Post.
13:51 of 1st period - Slapshot by Erik Brannstrom.
13:51 of 1st period - Stopped by Adam Werner with a rebound.
15:39 of 1st period - Wrist shot by Anton Blidh.
15:39 of 1st period - Shot Misses the Net.
16:09 of 1st period - Philip Broberg is hit by Ryan Donato and loses puck.
16:16 of 1st period - Slapshot by Michael Bunting.
16:16 of 1st period - Shot Misses the Net.
16:18 of 1st period - Slapshot by Philip Broberg.
16:18 of 1st period - Shot Misses the Net.
16:49 of 1st period - Snap shot by Jesper Bratt.
16:49 of 1st period - Deflect By Vladislav Kamenev.
16:49 of 1st period - Shot Misses the Net.
16:49 of 1st period - Puck is out of play.
16:50 of 1st period - Morgan Frost wins face-off versus Vladislav Kamenev in Griffins zone.
16:50 of 1st period - Morgan Frost is hit by Tanner Jeannot.
17:00 of 1st period - Wrist shot by Morgan Frost.
17:00 of 1st period - Shot Blocked by Vladislav Kamenev.
17:08 of 1st period - Snap shot by Anton Blidh.
17:08 of 1st period - Stopped by Vitek Vanecek with a rebound.
17:10 of 1st period - Wrist shot by Anton Blidh.
17:10 of 1st period - Stopped by Vitek Vanecek with a rebound.
17:12 of 1st period - Snap shot by Anton Blidh.
17:12 of 1st period - Goal by Anton Blidh - Wranglers : 0 - Griffins : 1.
17:13 of 1st period - Nico Sturm wins face-off versus Pavel Kraskovsky in neutral zone.
17:16 of 1st period - Slapshot by Erik Brannstrom.
17:16 of 1st period - Deflect By Jesper Bratt.
17:16 of 1st period - Shot Blocked by Joonas Lyytinen.
17:16 of 1st period - Puck is out of play.
17:17 of 1st period - Nico Sturm wins face-off versus Pavel Kraskovsky in Griffins zone.
17:24 of 1st period - Snap shot by Jesper Bratt.
17:24 of 1st period - Stopped by Adam Werner without a rebound.
17:25 of 1st period - Nico Sturm wins face-off versus Pavel Kraskovsky in Griffins zone.
17:36 of 1st period - Snap shot by Nico Sturm.
17:36 of 1st period - Deflect By Jesper Bratt.
17:36 of 1st period - Shot Blocked by Grigori Denisenko.
17:36 of 1st period - Puck is out of play.
17:37 of 1st period - Nico Sturm wins face-off versus Yegor Sharangovich in Griffins zone.
17:44 of 1st period - Snap shot by Barclay Goodrow.
17:44 of 1st period - Shot Blocked by Kale Clague.
17:50 of 1st period - Wrist shot by Kale Clague.
17:50 of 1st period - Shot Blocked by Erik Brannstrom.
18:19 of 1st period - Anton Lundell is hit by Ryan Donato and loses puck.
18:26 of 1st period - Taylor Raddysh is hit by Ian McCoshen and loses puck.
19:35 of 1st period - Slapshot by Tanner Jeannot.
19:35 of 1st period - Stopped by Adam Werner without a rebound.
19:36 of 1st period - Morgan Frost wins face-off versus Vladislav Kamenev in Griffins zone.
Goals for this period are 0 for Wranglers vs 1 for Griffins.
Shots for this period are 8 for Wranglers vs 9 for Griffins.
2nd period
0:01 of 2nd period - Morgan Frost wins face-off versus Nico Sturm in neutral zone.
0:48 of 2nd period - Alex Laferriere is hit by Vladislav Kamenev and loses puck.
1:45 of 2nd period - Slapshot by Kaapo Kakko.
1:45 of 2nd period - Shot Misses the Net.
1:47 of 2nd period - Snap shot by Tanner Jeannot.
1:47 of 2nd period - Shot Misses the Net.
1:49 of 2nd period - Wrist shot by Vladislav Kamenev.
1:49 of 2nd period - Stopped by Adam Werner with a rebound.
1:51 of 2nd period - Snap shot by Dominik Masin.
1:51 of 2nd period - Stopped by Adam Werner without a rebound.
1:52 of 2nd period - Pavel Kraskovsky wins face-off versus Ryan Donato in Griffins zone.
1:52 of 2nd period - Pavel Kraskovsky is hit by Ryan Donato.
2:47 of 2nd period - Slapshot by Erik Brannstrom.
2:47 of 2nd period - Shot Blocked by Sebastian Ahaut.
2:49 of 2nd period - Slapshot by Dominik Masin.
2:49 of 2nd period - Deflect By Kaapo Kakko.
2:49 of 2nd period - Stopped by Adam Werner without a rebound.
2:50 of 2nd period - Nico Sturm wins face-off versus Morgan Frost in Griffins zone.
2:50 of 2nd period - Nico Sturm is hit by Joonas Lyytinen.
3:16 of 2nd period - Yegor Sharangovich is hit by Ryan Donato and loses puck.
3:42 of 2nd period - Kale Clague is hit by Kaapo Kakko and loses puck.
4:47 of 2nd period - Snap shot by Pavel Kraskovsky.
4:47 of 2nd period - Stopped by Vitek Vanecek without a rebound.
4:48 of 2nd period - Pavel Kraskovsky wins face-off versus Vladislav Kamenev in Wranglers zone.
4:49 of 2nd period - Slapshot by Yegor Sharangovich.
4:49 of 2nd period - Shot Misses the Net.
5:23 of 2nd period - Snap shot by Tanner Jeannot.
5:23 of 2nd period - Stopped by Adam Werner without a rebound.
5:24 of 2nd period - Anton Lundell wins face-off versus Nico Sturm in Griffins zone.
5:31 of 2nd period - Snap shot by Michael Bunting.
5:31 of 2nd period - Shot Blocked by Barclay Goodrow.
6:11 of 2nd period - Off-side.
6:12 of 2nd period - Marco Rossi wins face-off versus Morgan Frost in neutral zone.
6:21 of 2nd period - Snap shot by Morgan Frost.
6:21 of 2nd period - Shot Misses the Net.
6:35 of 2nd period - Erik Brannstrom is hit by Pavel Kraskovsky and loses puck.
6:42 of 2nd period - Snap shot by Grigori Denisenko.
6:42 of 2nd period - Shot Blocked by Erik Brannstrom.
6:44 of 2nd period - Slapshot by Sebastian Ahaut.
6:44 of 2nd period - Stopped by Vitek Vanecek without a rebound.
6:45 of 2nd period - Pavel Kraskovsky wins face-off versus Nico Sturm in Wranglers zone.
7:12 of 2nd period - Snap shot by Ian McCoshen.
7:12 of 2nd period - Deflect By Zac Jones.
7:12 of 2nd period - Stopped by Vitek Vanecek with a rebound.
7:14 of 2nd period - Slapshot by Ian McCoshen.
7:14 of 2nd period - Deflect By Morgan Frost.
7:14 of 2nd period - Shot Misses the Net.
7:14 of 2nd period - Puck is out of play.
7:15 of 2nd period - Nico Sturm wins face-off versus Morgan Frost in Wranglers zone.
7:28 of 2nd period - Slapshot by Barclay Goodrow.
7:28 of 2nd period - Shot Misses the Net.
9:06 of 2nd period - Wrist shot by Pavel Kraskovsky.
9:06 of 2nd period - Stopped by Vitek Vanecek without a rebound.
9:07 of 2nd period - Kaapo Kakko wins face-off versus Morgan Frost in Wranglers zone.
9:30 of 2nd period - Icing by Christian Jaros.
9:31 of 2nd period - Pavel Kraskovsky wins face-off versus Vladislav Kamenev in Wranglers zone.
9:56 of 2nd period - Snap shot by Nico Sturm.
9:56 of 2nd period - Deflect By Barclay Goodrow.
9:56 of 2nd period - Stopped by Adam Werner without a rebound.
9:57 of 2nd period - Nico Sturm wins face-off versus Morgan Frost in Griffins zone.
10:10 of 2nd period - Nico Sturm is hit by Jack Studnicka and loses puck.
10:39 of 2nd period - Kale Clague is hit by Ryan Donato and loses puck.
11:28 of 2nd period - Dominik Masin is hit by Jack Studnicka and loses puck.
11:39 of 2nd period - Slapshot by Viktor Lodin.
11:39 of 2nd period - Shot Misses the Net.
11:41 of 2nd period - Snap shot by Samuel Poulin.
11:41 of 2nd period - Stopped by Vitek Vanecek with a rebound.
11:43 of 2nd period - Slapshot by Simon Benoit.
11:43 of 2nd period - Shot Misses the Net.
11:45 of 2nd period - Snap shot by Simon Benoit.
11:45 of 2nd period - Shot Blocked by Vitali Kravtsov.
11:47 of 2nd period - Slapshot by Simon Benoit.
11:47 of 2nd period - Stopped by Vitek Vanecek without a rebound.
11:48 of 2nd period - Pavel Kraskovsky wins face-off versus Ryan Donato in Wranglers zone.
11:59 of 2nd period - Wrist shot by Yegor Sharangovich.
11:59 of 2nd period - Stopped by Vitek Vanecek without a rebound.
12:00 of 2nd period - Barclay Goodrow wins face-off versus Morgan Frost in Wranglers zone.
12:26 of 2nd period - Barclay Goodrow is hit by Kale Clague and loses puck.
12:41 of 2nd period - Snap shot by Barclay Goodrow.
12:41 of 2nd period - Shot Blocked by Kale Clague.
12:43 of 2nd period - Snap shot by Nico Sturm.
12:43 of 2nd period - Stopped by Adam Werner with a rebound.
12:45 of 2nd period - Snap shot by Jesper Bratt.
12:45 of 2nd period - Shot Blocked by Joonas Lyytinen.
12:47 of 2nd period - Wrist shot by Barclay Goodrow.
12:47 of 2nd period - Stopped by Adam Werner without a rebound.
12:48 of 2nd period - Ryan Donato wins face-off versus Pavel Kraskovsky in Griffins zone.
13:13 of 2nd period - Jack Studnicka is hit by Tanner Jeannot and loses puck.
14:09 of 2nd period - Slapshot by Erik Brannstrom.
14:09 of 2nd period - Stopped by Adam Werner with a rebound.
14:34 of 2nd period - Wrist shot by Pavel Kraskovsky.
14:34 of 2nd period - Shot Misses the Net.
14:46 of 2nd period - Nico Sturm is hit by Joonas Lyytinen and loses puck.
14:53 of 2nd period - Slapshot by Anton Blidh.
14:53 of 2nd period - Stopped by Vitek Vanecek with a rebound.
15:05 of 2nd period - Trevor Carrick is hit by Kale Clague and loses puck.
15:46 of 2nd period - Snap shot by Barclay Goodrow.
15:46 of 2nd period - Deflect By Yegor Sharangovich.
15:46 of 2nd period - Shot Misses the Net.
15:46 of 2nd period - Puck is out of play.
15:47 of 2nd period - Ryan Donato wins face-off versus Jack Studnicka in Griffins zone.
15:52 of 2nd period - Snap shot by Phillip Danault.
15:52 of 2nd period - Stopped by Adam Werner with a rebound.
16:14 of 2nd period - Wrist shot by Michael Bunting.
16:14 of 2nd period - Shot Misses the Net.
16:16 of 2nd period - Slapshot by Braden Schneider.
16:16 of 2nd period - Shot Blocked by Darren Raddysh.
16:18 of 2nd period - Wrist shot by Alex Laferriere.
16:18 of 2nd period - Deflect By Petteri Lindbohm.
16:18 of 2nd period - Shot Misses the Net.
16:18 of 2nd period - Puck is out of play.
16:19 of 2nd period - Pavel Kraskovsky wins face-off versus Vladislav Kamenev in Wranglers zone.
16:24 of 2nd period - Snap shot by Pavel Kraskovsky.
16:24 of 2nd period - Stopped by Vitek Vanecek with a rebound.
17:25 of 2nd period - Minor Penalty to Will Cuylle for Tripping.
17:26 of 2nd period - Pavel Kraskovsky wins face-off versus Jesper Bratt in Griffins zone.
17:26 of 2nd period - Pavel Kraskovsky is hit by Erik Brannstrom.
17:40 of 2nd period - Slapshot by Erik Brannstrom.
17:40 of 2nd period - Deflect By Barclay Goodrow.
17:40 of 2nd period - Shot Misses the Net.
17:40 of 2nd period - Puck is out of play.
17:41 of 2nd period - Pavel Kraskovsky wins face-off versus Nico Sturm in Griffins zone.
19:06 of 2nd period - Michael Bunting is hit by Phillip Danault and loses puck.
19:25 of 2nd period - Penalty to Will Cuylle is over, Will Cuylle is back on ice.
19:47 of 2nd period - Brycen Martin is hit by Barclay Goodrow.
Goals for this period are 0 for Wranglers vs 0 for Griffins.
Shots for this period are 9 for Wranglers vs 9 for Griffins.
3rd period
0:01 of 3rd period - Morgan Frost wins face-off versus Nico Sturm in neutral zone.
0:08 of 3rd period - Snap shot by Anton Blidh.
0:08 of 3rd period - Shot Misses the Net.
0:29 of 3rd period - Icing by Anton Blidh.
0:30 of 3rd period - Vladislav Kamenev wins face-off versus Morgan Frost in Griffins zone.
0:37 of 3rd period - Vladislav Kamenev is hit by Jack Studnicka and loses puck.
0:44 of 3rd period - Snap shot by Jack Studnicka.
0:44 of 3rd period - Shot Misses the Net.
0:46 of 3rd period - Slapshot by Sebastian Ahaut.
0:46 of 3rd period - Stopped by Vitek Vanecek with a rebound.
0:48 of 3rd period - Snap shot by Morgan Frost.
0:48 of 3rd period - Deflect By Jack Studnicka.
0:48 of 3rd period - Shot Blocked by Dominik Masin.
0:48 of 3rd period - Puck is out of play.
0:49 of 3rd period - Pavel Kraskovsky wins face-off versus Nico Sturm in Wranglers zone.
1:37 of 3rd period - Ian McCoshen is hit by Dominik Masin and loses puck.
1:46 of 3rd period - Slapshot by Alex Laferriere.
1:46 of 3rd period - Stopped by Vitek Vanecek without a rebound.
1:47 of 3rd period - Pavel Kraskovsky wins face-off versus Nico Sturm in Wranglers zone.
2:00 of 3rd period - Snap shot by Pavel Kraskovsky.
2:00 of 3rd period - Stopped by Vitek Vanecek with a rebound.
2:12 of 3rd period - Sebastian Ahaut is hit by Phillip Danault and loses puck.
2:24 of 3rd period - Ryan Donato is hit by Morgan Frost.
2:47 of 3rd period - Snap shot by Anton Blidh.
2:47 of 3rd period - Shot Blocked by Taylor Raddysh.
2:49 of 3rd period - Slapshot by Ian McCoshen.
2:49 of 3rd period - Stopped by Vitek Vanecek with a rebound.
3:13 of 3rd period - Snap shot by Phillip Danault.
3:13 of 3rd period - Shot Misses the Net.
3:33 of 3rd period - Snap shot by Taylor Raddysh.
3:33 of 3rd period - Stopped by Adam Werner with a rebound.
4:09 of 3rd period - Slapshot by Taylor Raddysh.
4:09 of 3rd period - Stopped by Adam Werner with a rebound.
4:44 of 3rd period - Snap shot by Taylor Raddysh.
4:44 of 3rd period - Shot Blocked by Morgan Frost.
5:13 of 3rd period - Snap shot by Morgan Frost.
5:13 of 3rd period - Stopped by Vitek Vanecek with a rebound.
5:26 of 3rd period - Icing by Petteri Lindbohm.
5:27 of 3rd period - Taylor Raddysh wins face-off versus Pavel Kraskovsky in Wranglers zone.
5:52 of 3rd period - Anton Lundell is hit by Jesper Bratt and loses puck.
6:03 of 3rd period - Snap shot by Barclay Goodrow.
6:03 of 3rd period - Shot Misses the Net.
6:09 of 3rd period - Minor Penalty to Michael Bunting for Roughing.
6:10 of 3rd period - Nico Sturm wins face-off versus Pavel Kraskovsky in Griffins zone.
6:15 of 3rd period - Snap shot by Jesper Bratt.
6:15 of 3rd period - Deflect By Nico Sturm.
6:15 of 3rd period - Stopped by Adam Werner without a rebound.
6:16 of 3rd period - Nico Sturm wins face-off versus Pavel Kraskovsky in Griffins zone.
6:19 of 3rd period - Snap shot by Jesper Bratt.
6:19 of 3rd period - Goal by Jesper Bratt - Wranglers : 1 - Griffins : 1.
6:20 of 3rd period - Nico Sturm wins face-off versus Pavel Kraskovsky in neutral zone.
6:27 of 3rd period - Wrist shot by Jesper Bratt.
6:27 of 3rd period - Stopped by Adam Werner with a rebound.
6:29 of 3rd period - Backhand shot by Nico Sturm.
6:29 of 3rd period - Goal by Nico Sturm - Wranglers : 2 - Griffins : 1.
6:30 of 3rd period - Pavel Kraskovsky wins face-off versus Nico Sturm in neutral zone.
6:41 of 3rd period - Wrist shot by Grigori Denisenko.
6:41 of 3rd period - Shot Misses the Net.
6:43 of 3rd period - Snap shot by Yegor Sharangovich.
6:43 of 3rd period - Stopped by Vitek Vanecek without a rebound.
6:44 of 3rd period - Pavel Kraskovsky wins face-off versus Nico Sturm in Wranglers zone.
6:53 of 3rd period - Snap shot by Pavel Kraskovsky.
6:53 of 3rd period - Shot Blocked by Nico Sturm.
6:58 of 3rd period - Minor Penalty to Jesper Bratt for Cross-checking.
6:59 of 3rd period - Pavel Kraskovsky wins face-off versus Barclay Goodrow in Wranglers zone.
7:13 of 3rd period - Snap shot by Pavel Kraskovsky.
7:13 of 3rd period - Stopped by Vitek Vanecek with a rebound.
8:39 of 3rd period - Yegor Sharangovich is hit by Christian Jaros and loses puck.
8:58 of 3rd period - Penalty to Jesper Bratt is over, Jesper Bratt is back on ice.
10:28 of 3rd period - Slapshot by Tanner Jeannot.
10:28 of 3rd period - Goal by Tanner Jeannot - Wranglers : 3 - Griffins : 1.
10:29 of 3rd period - Barclay Goodrow wins face-off versus Pavel Kraskovsky in neutral zone.
10:32 of 3rd period - Backhand shot by Dominik Masin.
10:32 of 3rd period - Deflect By Nico Sturm.
10:32 of 3rd period - Shot Misses the Net.
10:32 of 3rd period - Puck is out of play.
10:33 of 3rd period - Pavel Kraskovsky wins face-off versus Nico Sturm in Griffins zone.
10:42 of 3rd period - Snap shot by Grigori Denisenko.
10:42 of 3rd period - Stopped by Vitek Vanecek without a rebound.
10:43 of 3rd period - Pavel Kraskovsky wins face-off versus Jesper Bratt in Wranglers zone.
11:10 of 3rd period - Phillip Danault is hit by Morgan Frost.
11:15 of 3rd period - Off-side.
11:16 of 3rd period - Morgan Frost wins face-off versus Nico Sturm in neutral zone.
11:23 of 3rd period - Snap shot by Anton Blidh.
11:23 of 3rd period - Shot Misses the Net.
11:43 of 3rd period - Pavel Kraskovsky is hit by Taylor Raddysh and loses puck.
12:14 of 3rd period - Snap shot by Tanner Jeannot.
12:14 of 3rd period - Deflect By Joonas Lyytinen.
12:14 of 3rd period - Shot Hit the Post.
12:14 of 3rd period - Puck is out of play.
12:15 of 3rd period - Nico Sturm wins face-off versus Grigori Denisenko in Griffins zone.
12:23 of 3rd period - Icing by Yegor Sharangovich.
12:24 of 3rd period - Pavel Kraskovsky wins face-off versus Nico Sturm in Griffins zone.
12:43 of 3rd period - Philip Broberg is hit by Erik Brannstrom and loses puck.
13:20 of 3rd period - Wrist shot by Simon Benoit.
13:20 of 3rd period - Shot Misses the Net.
13:22 of 3rd period - Wrist shot by Pavel Kraskovsky.
13:22 of 3rd period - Shot Blocked by Dominik Masin.
13:24 of 3rd period - Snap shot by Yegor Sharangovich.
13:24 of 3rd period - Shot Misses the Net.
13:30 of 3rd period - Snap shot by Grigori Denisenko.
13:30 of 3rd period - Stopped by Vitek Vanecek with a rebound.
13:32 of 3rd period - Slapshot by Pavel Kraskovsky.
13:32 of 3rd period - Shot Misses the Net.
13:34 of 3rd period - Wrist shot by Grigori Denisenko.
13:34 of 3rd period - Deflect By Pavel Kraskovsky.
13:34 of 3rd period - Stopped by Vitek Vanecek without a rebound.
13:35 of 3rd period - Morgan Frost wins face-off versus Ryan Donato in Wranglers zone.
14:20 of 3rd period - Ryan Donato is hit by Kale Clague and loses puck.
15:29 of 3rd period - Snap shot by Samuel Poulin.
15:29 of 3rd period - Deflect By Trevor Carrick.
15:29 of 3rd period - Shot Blocked by Trevor Carrick.
15:29 of 3rd period - Puck is out of play.
15:30 of 3rd period - Viktor Lodin wins face-off versus Nico Sturm in Wranglers zone.
15:31 of 3rd period - Snap shot by Samuel Poulin.
15:31 of 3rd period - Goal by Samuel Poulin - Wranglers : 3 - Griffins : 2.
15:32 of 3rd period - Nico Sturm wins face-off versus Anton Lundell in neutral zone.
15:46 of 3rd period - Wrist shot by Alex Laferriere.
15:46 of 3rd period - Stopped by Vitek Vanecek with a rebound.
15:48 of 3rd period - Backhand shot by Anton Lundell.
15:48 of 3rd period - Stopped by Vitek Vanecek without a rebound.
15:49 of 3rd period - Ryan Donato wins face-off versus Pavel Kraskovsky in Wranglers zone.
16:03 of 3rd period - Minor Penalty to Taylor Raddysh for Roughing.
16:04 of 3rd period - Pavel Kraskovsky wins face-off versus Barclay Goodrow in Wranglers zone.
16:31 of 3rd period - Erik Brannstrom is hit by Jack Studnicka and loses puck.
17:06 of 3rd period - Slapshot by Sebastian Ahaut.
17:06 of 3rd period - Stopped by Vitek Vanecek without a rebound.
17:07 of 3rd period - Skyler Brind'Amour wins face-off versus Pavel Kraskovsky in Wranglers zone.
18:03 of 3rd period - Penalty to Taylor Raddysh is over, Taylor Raddysh is back on ice.
18:11 of 3rd period - Snap shot by Phillip Danault.
18:11 of 3rd period - Shot Blocked by Alex Laferriere.
18:21 of 3rd period - Slapshot by Kale Clague.
18:21 of 3rd period - Shot Misses the Net.
18:58 of 3rd period - Major Penalty to Viktor Lodin for Checking from behind.
18:59 of 3rd period - Pavel Kraskovsky wins face-off versus Nico Sturm in Griffins zone.
19:25 of 3rd period - Pavel Kraskovsky is hit by Erik Brannstrom and loses puck.
Goals for this period are 3 for Wranglers vs 1 for Griffins.
Shots for this period are 7 for Wranglers vs 14 for Griffins.